 Dungeon Crawl Stone Soup version 0.25.0-9-g26727b657a (webtiles) character file.

Game seed: 14768198877997961549

328 Revguard the Sneak (level 6, -3/50 HPs)
             Began as a Draconian Assassin on June 17, 2020.
             Was a Follower of Wu Jian.
             Slain by a mummy (12 damage)
             ... in an ossuary.
             The game lasted 00:10:44 (3228 turns).

Revguard the Sneak (Draconian Assassin)             Turns: 3228, Time: 00:10:45

Health: -3/50      AC:  7    Str: 13    XL:     6   Next: 25%
Magic:  6/6        EV: 13    Int: 11    God:    Wu Jian [*.....]
Gold:   133        SH:  0    Dex: 15    Spells: 5/5 levels left

rFire    + . .     SeeInvis .   g - +2 dagger (flame)
rCold    . . .     Gourm    .   (no shield)
rNeg     . . .     Faith    .   (armour unavailable)
rPois    .         Spirit   .   (helmet restricted)
rElec    .         Reflect  .   b - +0 cloak
rCorr    .         Harm     .   (no gloves)
MR       .....                  (no boots)
Stlth    +++.......             (no amulet)
HPRegen  0.16/turn              m - ring of protection from fire
MPRegen  0.10/turn              (no ring)

@: no status effects
A: unfitting armour, cold-blooded, AC +6
a: Renounce Religion


You were in an ossuary.
You worshipped Wu Jian.
Wu Jian was aware of your devotion.
You were hungry.

You visited 1 branch of the dungeon, and saw 4 of its levels.
You also visited: Ossuary.

You collected 133 gold pieces.

Inventory:

Hand Weapons
 a - a +2 dagger
 d - a +2 dagger of venom
 g - a +2 dagger of flaming (weapon)
Missiles
 c - 13 poisoned darts
 o - a curare-tipped dart (quivered)
Armour
 b - a +0 cloak (worn)
Jewellery
 h - an uncursed amulet of regeneration
 m - a ring of protection from fire (left hand)
Scrolls
 e - 5 scrolls of teleportation
 l - a scroll of remove curse
 p - a scroll of identify
Potions
 i - a potion of ambrosia
 j - a potion of stabbing
 n - a potion of cancellation {unknown}
 r - a potion of might {unknown}
Comestibles
 f - 5 rations
 q - 3 chunks of flesh


   Skills:
 + Level 2.6 Fighting
 + Level 3.5 Short Blades
 + Level 2.1 Throwing
 + Level 2.2 Dodging
 * Level 5.9 Stealth


You had 5 spell levels left.
You didn't know any spells.
Your spell library was empty.

Dungeon Overview and Level Annotations

Branches:
Dungeon (4/15)            Ossuary (1/1)
 Temple: D:4-7

Altars:
Hepliaklqana
Qazlal
Wu Jian


Innate Abilities, Weirdness & Mutations

Your plain brown scales are hard. (AC +6)
You cannot fit into any form of body armour.
You are cold-blooded and may be slowed by cold attacks.


Message History

The mummy is heavily damaged.
The mummy hits you!
* * * LOW HITPOINT WARNING * * *
The mummy hits you but does no damage.
You bump into the stone wall.
The mummy barely misses you.
You bump into the stone wall.
You bump into the stone wall.
You feel less invigorated.
You feel less confused. The mummy completely misses you. The mummy hits you!
* * * LOW HITPOINT WARNING * * *
Some of the chunks of flesh in your inventory have rotted away.
You hit the mummy. You burn the mummy.
The mummy is almost destroyed.
The mummy barely misses you.
You hit the mummy. You burn the mummy.
You destroy the mummy!
The Council accepts your kill. The mummy hits you!
You die...

#######
#@#.#.#
#M....#
##...##
#.∩.#
#...#
#.∩.#
#...#
##+##


You could see a mummy.

Vanquished Creatures
  A scorpion (D:4)
  A howler monkey (D:4)
  A crimson imp (D:3)
  An orc wizard (D:3)
  2 mummies (Ossuary)
  5 adders
  An adder zombie (D:4)
  2 worms
  2 dart slugs
  2 leopard geckos
  10 orcs
  3 bats
  5 giant cockroaches
  8 goblins
  5 hobgoblins
  8 jackals (D:1)
  5 quokkas
  4 frilled lizards
  9 kobolds
  12 rats
87 creatures vanquished.

Notes
Turn   | Place    | Note
-------+----------+-------------------------------------------
     0 | D:1      | Revguard the Draconian Assassin began the quest for the
                  | Orb.
     0 | D:1      | Reached XP level 1. HP: 17/17 MP: 1/1
   171 | D:1      | Reached skill level 4 in Stealth
   191 | D:1      | Reached XP level 2. HP: 24/24 MP: 2/2
   675 | D:1      | Reached skill level 1 in Dodging
   710 | D:1      | Reached XP level 3. HP: 26/29 MP: 3/3
  1192 | D:2      | Found a stormy altar of Qazlal.
  1387 | D:2      | Found a hazy altar of Hepliaklqana.
  1725 | D:2      | Found an ornate altar of the Wu Jian Council.
  1735 | D:2      | Became a worshipper of the Wu Jian Council
  2108 | D:3      | Reached XP level 4. HP: 36/36 MP: 4/4
  2205 | D:3      | Reached skill level 5 in Stealth
  2353 | D:3      | Reached * piety under Wu Jian
  2382 | D:3      | Reached XP level 5. HP: 14/42 MP: 5/5
  3147 | D:4      | Reached XP level 6. HP: 50/50 MP: 6/6
  3179 | D:4      | Found a sand-covered staircase.
  3204 | Ossuary  | Entered an ossuary
  3217 | Ossuary  | HP: 1/50 [mummy (7)]
  3228 | Ossuary  | Slain by a mummy

Illustrated notes

Levels and vault maps discovered:
D:1:      psy_arrival_statuary, layout_loops_corners
D:2:      layout_loops_ring, lemuel_coloured_pillars_altar,
          lemuel_crystal_altar, grunt_qazlal_clouds
D:3:      minmay_recursive_quarters, layout_basic,
          chequers_serial_rivers_large_a
D:4:      kb_forest_paths, layout_loops_cross,
          nicolae_ossuary_entry_false_entrances
Ossuary:  ossuary_minmay_chase

Skill      XL: |  1  2  3  4  5 |
---------------+----------------+-----
Stealth        | 4 5 |  5.9
Dodging        | 1 2 |  2.2
Throwing       | 2 |  2.1
Short Blades   | 3 |  3.5
Fighting       | |  2.6

Action                   |  1- 3 |  4- 6 || total
-------------------------+-------+-------++-------
Melee: Dagger            |    98 |   164 ||   262
       Tailslap          |    11 |    21 ||    32
Throw: Dart              |     7 |     2 ||     9
Invok: Lunge             |     1 |    24 ||    25
       Whirlwind         |       |    48 ||    48
  Use: Potion            |     4 |     2 ||     6
       Scroll            |     4 |       ||     4
 Stab: Sleeping          |    10 |     9 ||    19
  Eat: Chunk             |     4 |     3 ||     7
Armor: Skin              |    26 |    36 ||    62
Dodge: Dodged            |    69 |    62 ||   131
